HSSL
HUNTSVILLE HS WASPS @ BUCHANAN HS
04/27/2028
 
TOP OF THE 1ST
Huntsville HS Wasps batting - Pitching for Buchanan HS : RHP Francisco Luna
Pitching: RHP Francisco Luna
Batting: SHB José Chávez 0-0: Ball
1-0: Swinging Strike
1-1: Ball
2-1: Swinging Strike
2-2: Ground out 4-3 (Groundball, 4)
Batting: RHB Esteban Garza 0-0: SINGLE (Groundball, 6MD)
Batting: RHB Dave Stroud 0-0: Called Strike
0-1: Ball
1-1: Ball
2-1: Ball
3-1: Base on Balls
Esteban Garza to second
Batting: RHB Charlie Harris 0-0: Ball
Esteban Garza steals 3rd base
Dave Stroud to second
1-0: Ball
2-0: Ball
3-0: Base on Balls
Batting: RHB David Kemp 0-0: Foul Ball, location: 2F
0-1: Called Strike
0-2: Ball
1-2: Ball
2-2: Ball
3-2: Foul Ball, location: 2F
3-2: Grounds into double play, 5-4-3 (Groundball, 56)
Top of the 1st over - 0 run(s), 1 hit(s), 0 error(s), 2 left on base; Huntsville HS 0 - Buchanan HS 0
BOTTOM OF THE 1ST
Buchanan HS batting - Pitching for Huntsville HS Wasps : RHP Doug Acevedo
Pitching: RHP Doug Acevedo
Batting: LHB José Martínez 0-0: Ground out 5-3 (Groundball, 56)
Batting: LHB Perry Hayward 0-0: Foul Ball, location: 2F
0-1: Foul Ball, location: 2F
0-2: Foul Ball, location: 2F
0-2: Foul Ball, location: 2F
0-2: Strikes out swinging
Batting: LHB Edgar Cameron 0-0: Called Strike
0-1: Ball
1-1: Foul Ball, location: 2F
1-2: Strikes out looking
Bottom of the 1st over - 0 run(s), 0 hit(s), 0 error(s), 0 left on base; Huntsville HS 0 - Buchanan HS 0
TOP OF THE 2ND
Huntsville HS Wasps batting - Pitching for Buchanan HS : RHP Francisco Luna
Batting: RHB Jorge Cortéz 0-0: SINGLE (Groundball, 6MD)
Batting: RHB Pete Rudder 0-0: Foul Ball, location: 2F
0-1: Ball
1-1: Fly out, F9 (Flyball, 89M)
Batting: RHB Jim Mak 0-0: Ball
1-0: Swinging Strike
1-1: SINGLE (Groundball, 56D)
Jorge Cortéz to second
Batting: RHB Mike Kennedy 0-0: Fly out, F8 (Flyball, 8LM)
Runner from 2nd tags up, SAFE at 3rd with throw
Batting: SHB José Chávez 0-0: Ball
1-0: Swinging Strike
1-1: Foul Ball, location: 2F
1-2: Ball
2-2: Ball
Jim Mak is caught stealing 2nd base
Top of the 2nd over - 0 run(s), 2 hit(s), 0 error(s), 0 left on base; Huntsville HS 0 - Buchanan HS 0
BOTTOM OF THE 2ND
Buchanan HS batting - Pitching for Huntsville HS Wasps : RHP Doug Acevedo
Batting: LHB Franklin Jackson 0-0: Ball
1-0: Called Strike
1-1: Ball
2-1: Called Strike
2-2: Ball
3-2: DOUBLE (Line Drive, 8LM)
Pinch Runner at 2nd Len Valadez:
Batting: SHB Christian Dennis 0-0: Swinging Strike
0-1: Hit by Pitch
Batting: RHB Ánibal Vega 0-0: Ball
1-0: Foul Ball, location: 2F
1-1: Swinging Strike
1-2: Hit by Pitch
Len Valadez to third
Christian Dennis to second
Batting: RHB Henry Rice 0-0: Ball
1-0: Called Strike
1-1: Foul Ball, location: 2F
1-2: Strikes out swinging
Batting: RHB Dave Burchette 0-0: Ball
1-0: Called Strike
1-1: Fly out, F8 (Flyball, 8LM)
Runner from 3rd tags up, SCORES, no throw
Batting: LHB Jeff MacKinney 0-0: Fly out, F4 (Line Drive, 4)
Bottom of the 2nd over - 1 run(s), 1 hit(s), 0 error(s), 2 left on base; Huntsville HS 0 - Buchanan HS 1
TOP OF THE 3RD
Huntsville HS Wasps batting - Pitching for Buchanan HS : RHP Francisco Luna
Now in LF: Len Valadez
Batting: SHB José Chávez 0-0: Ball
1-0: Ball
2-0: Ball
3-0: Base on Balls
Batting: RHB Esteban Garza 0-0: Called Strike
0-1: Ball
1-1: Ball
2-1: Foul Ball, location: 2F
2-2: Ball
José Chávez steals 2nd base
3-2: SINGLE (Line Drive, 9S)
José Chávez to third
Batting: RHB Dave Stroud 0-0: Called Strike
0-1: Ball
1-1: Reached on error, E2 (Groundball, 2L)
José Chávez scores
Esteban Garza to second
Batting: RHB Charlie Harris 0-0: 3-RUN HOME RUN (Line Drive, 7D), Distance : 365 ft
Batting: RHB David Kemp 0-0: Called Strike
0-1: Ball
1-1: Swinging Strike
1-2: Strikes out looking
Batting: RHB Jorge Cortéz 0-0: Ball
1-0: Ball
2-0: DOUBLE (Line Drive, 8LM)
Batting: RHB Pete Rudder 0-0: Called Strike
0-1: Swinging Strike
0-2: Ball
1-2: Foul Ball, location: 2F
1-2: Foul Ball, location: 2F
1-2: Ball
2-2: Foul Ball, location: 2F
2-2: Ball
3-2: Fly out, F4 (Popup, 4S)
Batting: RHB Jim Mak 0-0: SINGLE (Groundball, 34D)
Jorge Cortéz to third
Runner from 3rd tries for Home, SAFE, no throw
Batting: RHB Mike Kennedy 0-0: Called Strike
Jim Mak is caught stealing 2nd base
Top of the 3rd over - 5 run(s), 4 hit(s), 1 error(s), 0 left on base; Huntsville HS 5 - Buchanan HS 1
BOTTOM OF THE 3RD
Buchanan HS batting - Pitching for Huntsville HS Wasps : RHP Doug Acevedo
Batting: LHB José Martínez 0-0: Fly out, F4 (Popup, 4S)
Batting: LHB Perry Hayward 0-0: Ball
1-0: Ball
2-0: Called Strike
2-1: Called Strike
2-2: Ball
3-2: DOUBLE (Line Drive, 9LM)
Batting: LHB Edgar Cameron 0-0: Called Strike
0-1: Swinging Strike
0-2: Ball
1-2: Ball
2-2: Fly out, F7 (Flyball, 78S)
Batting: RHB Len Valadez 0-0: SINGLE (Line Drive, 6MD)
Perry Hayward to third
Runner from 3rd tries for Home, SAFE, no throw
Batting: SHB Christian Dennis 0-0: Ball
1-0: Swinging Strike
Len Valadez steals 2nd base
1-1: Swinging Strike
1-2: Ball
2-2: Foul Ball, location: 2F
2-2: Ball
3-2: Base on Balls
Batting: RHB Ánibal Vega 0-0: Ball
1-0: Ball
2-0: Ball
Passed Ball!
Len Valadez to third
Christian Dennis to second
3-0: Called Strike
3-1: Base on Balls
Batting: RHB Henry Rice 0-0: Swinging Strike
0-1: Swinging Strike
0-2: Strikes out swinging
Bottom of the 3rd over - 1 run(s), 2 hit(s), 0 error(s), 3 left on base; Huntsville HS 5 - Buchanan HS 2
TOP OF THE 4TH
Huntsville HS Wasps batting - Pitching for Buchanan HS : RHP Francisco Luna
Batting: RHB Mike Kennedy 0-0: Ball
1-0: Foul Ball, location: 2F
1-1: Ball
2-1: Ball
3-1: SINGLE (Flyball, 9LS)
Batting: SHB José Chávez 0-0: Called Strike
0-1: Ball
1-1: Grounds into double play, 6-4-3 (Groundball, 6)
Batting: RHB Esteban Garza 0-0: Ball
1-0: Foul Ball, location: 2F
1-1: Swinging Strike
1-2: Fly out, F8 (Flyball, 89M)
Top of the 4th over - 0 run(s), 1 hit(s), 0 error(s), 0 left on base; Huntsville HS 5 - Buchanan HS 2
BOTTOM OF THE 4TH
Buchanan HS batting - Pitching for Huntsville HS Wasps : RHP Doug Acevedo
Batting: RHB Dave Burchette 0-0: Ball
1-0: Called Strike
1-1: Ball
2-1: Foul Ball, location: 2F
2-2: Fly out, F7 (Flyball, 7)
Batting: LHB Jeff MacKinney 0-0: Foul Ball, location: 2F
0-1: Ball
1-1: Foul Ball, location: 2F
1-2: SINGLE (Line Drive, 4M)
Batting: LHB José Martínez 0-0: Ball
1-0: Ball
2-0: Ball
3-0: Called Strike
3-1: Base on Balls
Jeff MacKinney to second
Batting: LHB Perry Hayward 0-0: Ball
1-0: Called Strike
1-1: Called Strike
1-2: Ball
2-2: Ball
3-2: Fly out, F7 (Flyball, 7)
Batting: LHB Edgar Cameron 0-0: Ball
1-0: Called Strike
1-1: Foul Ball, location: 2F
1-2: Ball
2-2: Ball
3-2: Strikes out swinging
Bottom of the 4th over - 0 run(s), 1 hit(s), 0 error(s), 2 left on base; Huntsville HS 5 - Buchanan HS 2
TOP OF THE 5TH
Huntsville HS Wasps batting - Pitching for Buchanan HS : RHP Francisco Luna
Batting: RHB Dave Stroud 0-0: Called Strike
0-1: Ground out 5-3 (Groundball, 56S)
Pitching: RHP Garth Zapata
Batting: RHB Charlie Harris 0-0: Foul Ball, location: 2F
0-1: Swinging Strike
0-2: Ball
1-2: Foul Ball, location: 2F
1-2: Strikes out looking
Pitching: RHP Kent Britt
Batting: RHB David Kemp 0-0: Foul Ball, location: 2F
0-1: Swinging Strike
0-2: Foul Ball, location: 2F
0-2: Strikes out swinging
Top of the 5th over - 0 run(s), 0 hit(s), 0 error(s), 0 left on base; Huntsville HS 5 - Buchanan HS 2
BOTTOM OF THE 5TH
Buchanan HS batting - Pitching for Huntsville HS Wasps : RHP Doug Acevedo
Pitching: RHP Mario Montés
Batting: RHB Len Valadez 0-0: Ball
1-0: Swinging Strike
1-1: Ball
2-1: Swinging Strike
2-2: Ball
3-2: Foul Ball, location: 2F
3-2: Base on Balls
Batting: SHB Christian Dennis 0-0: Called Strike
0-1: Swinging Strike
0-2: Ball
1-2: Ball
2-2: Ball
3-2: Foul Ball, location: 2F
3-2: Fly out, F5 (Popup, 5L)
Batting: RHB Ánibal Vega 0-0: Ball
1-0: Ball
2-0: Foul Ball, location: 2F
2-1: Foul Ball, location: 2F
2-2: Ball
3-2: Foul Ball, location: 2F
3-2: Ground out 1-3 (Groundball, P)
Len Valadez to second
Batting: RHB Henry Rice 0-0: Called Strike
0-1: Foul Ball, location: 2F
0-2: Ball
1-2: Ground out 6-3 (Groundball, 6)
Bottom of the 5th over - 0 run(s), 0 hit(s), 0 error(s), 1 left on base; Huntsville HS 5 - Buchanan HS 2
TOP OF THE 6TH
Huntsville HS Wasps batting - Pitching for Buchanan HS : RHP Kent Britt
Batting: RHB Jorge Cortéz 0-0: SINGLE (Groundball, 56S) (infield hit)
Batting: RHB Pete Rudder 0-0: Ball
1-0: Foul Ball, location: 2F
1-1: Ball
2-1: Foul Ball, location: 2F
2-2: Ball
3-2: Ground out 6-3 (Groundball, 6)
Jorge Cortéz to second
Batting: RHB Jim Mak 0-0: Called Strike
0-1: Called Strike
0-2: Strikes out swinging
Batting: RHB Mike Kennedy 0-0: Ball
1-0: Called Strike
1-1: Called Strike
1-2: Ball
2-2: Strikes out swinging
Top of the 6th over - 0 run(s), 1 hit(s), 0 error(s), 1 left on base; Huntsville HS 5 - Buchanan HS 2
BOTTOM OF THE 6TH
Buchanan HS batting - Pitching for Huntsville HS Wasps : RHP Mario Montés
Batting: RHB Dave Burchette 0-0: Ball
1-0: Ball
2-0: Ball
3-0: Base on Balls
Batting: LHB Jeff MacKinney 0-0: Ball
1-0: Ball
2-0: Ball
3-0: Called Strike
3-1: Foul Ball, location: 2F
3-2: Base on Balls
Dave Burchette to second
Batting: LHB José Martínez 0-0: Called Strike
0-1: Fly out, F9 (Flyball, 9S)
Batting: LHB Perry Hayward 0-0: Ball
1-0: Called Strike
1-1: Ball
2-1: Ball
3-1: Called Strike
3-2: Grounds into double play, 6-4-3 (Groundball, 6)
Bottom of the 6th over - 0 run(s), 0 hit(s), 0 error(s), 1 left on base; Huntsville HS 5 - Buchanan HS 2
TOP OF THE 7TH
Huntsville HS Wasps batting - Pitching for Buchanan HS : RHP Kent Britt
Batting: SHB José Chávez 0-0: Called Strike
0-1: Ball
1-1: Swinging Strike
1-2: Ball
2-2: SINGLE (Line Drive, 8RM)
Batting: RHB Esteban Garza 0-0: Ball
1-0: Ball
2-0: Ball
3-0: Base on Balls
José Chávez to second
Batting: RHB Dave Stroud 0-0: Foul Ball, location: 2F
0-1: Ball
1-1: SINGLE (Line Drive, 3)
José Chávez to third
Esteban Garza to second
Runner from 3rd tries for Home, throw and OUT!
Esteban Garza to third
Dave Stroud to second
Batting: RHB Charlie Harris 0-0: Ball
1-0: SINGLE (Flyball, 78S)
Esteban Garza scores
Dave Stroud to third
Runner from 3rd tries for Home, SAFE, throw made home
Charlie Harris to second
Batting: RHB David Kemp 0-0: Ball
1-0: Fly out, F3 (Line Drive, 3)
Batting: RHB Jorge Cortéz 0-0: Ball
1-0: Called Strike
1-1: Ball
2-1: Ground out 5-3 (Groundball, 56)
Top of the 7th over - 2 run(s), 3 hit(s), 0 error(s), 1 left on base; Huntsville HS 7 - Buchanan HS 2
BOTTOM OF THE 7TH
Buchanan HS batting - Pitching for Huntsville HS Wasps : RHP Mario Montés
Batting: LHB Edgar Cameron 0-0: Foul Ball, location: 2F
0-1: Foul Ball, location: 2F
0-2: Fly out, F9 (Flyball, 9)
Batting: RHB Len Valadez 0-0: Fly out, F7 (Line Drive, 7)
Batting: SHB Christian Dennis 0-0: Ball
1-0: Ball
2-0: Ball
3-0: Called Strike
3-1: Ground out 4-3 (Groundball, 4)
Bottom of the 7th over - 0 run(s), 0 hit(s), 0 error(s), 0 left on base; Huntsville HS 7 - Buchanan HS 2
TOP OF THE 8TH
Huntsville HS Wasps batting - Pitching for Buchanan HS : RHP Kent Britt
Batting: RHB Pete Rudder 0-0: Called Strike
0-1: Ball
1-1: Foul Ball, location: 2F
1-2: Ball
2-2: Foul Ball, location: 2F
2-2: Ball
3-2: Foul Ball, location: 2F
3-2: Base on Balls
Batting: RHB Jim Mak 0-0: Ball
1-0: Ball
2-0: Called Strike
2-1: Ball
3-1: Grounds into double play, 6-4-3 (Groundball, 6)
Pitching: RHP Andy Russell
Batting: RHB Mike Kennedy 0-0: Called Strike
0-1: Foul Ball, location: 2F
0-2: Ground out 5-3 (Groundball, 56)
Top of the 8th over - 0 run(s), 0 hit(s), 0 error(s), 0 left on base; Huntsville HS 7 - Buchanan HS 2
BOTTOM OF THE 8TH
Buchanan HS batting - Pitching for Huntsville HS Wasps : RHP Mario Montés
Batting: RHB Ánibal Vega 0-0: Foul Ball, location: 2F
0-1: Ball
1-1: Ball
2-1: SINGLE (Line Drive, 8RS)
Pitching: RHP Skip Robinson
Batting: RHB Henry Rice 0-0: Fly out, F9 (Flyball, 9S)
Batting: RHB Dave Burchette 0-0: Ball
1-0: Foul Ball, location: 2F
1-1: Foul Ball, location: 2F
1-2: SINGLE (Groundball, 56D)
Ánibal Vega to second
Batting: LHB Jeff MacKinney 0-0: Foul Ball, location: 2F
0-1: Fly out, F8 (Flyball, 8LM)
Batting: LHB José Martínez 0-0: Ball
1-0: Fly out, F8 (Flyball, 8RM)
Bottom of the 8th over - 0 run(s), 2 hit(s), 0 error(s), 2 left on base; Huntsville HS 7 - Buchanan HS 2
TOP OF THE 9TH
Huntsville HS Wasps batting - Pitching for Buchanan HS : RHP Andy Russell
Batting: SHB José Chávez 0-0: Called Strike
0-1: Foul Ball, location: 2F
0-2: Ball
1-2: Strikes out looking
Batting: RHB Esteban Garza 0-0: Ball
1-0: Ball
2-0: Foul Ball, location: 2F
2-1: Ball
3-1: Base on Balls
Batting: RHB Dave Stroud 0-0: Called Strike
0-1: Ball
1-1: Foul Ball, location: 2F
1-2: Fly out, F8 (Flyball, 89M)
Batting: RHB Charlie Harris 0-0: Ball
1-0: Swinging Strike
1-1: Swinging Strike
1-2: Strikes out swinging
Top of the 9th over - 0 run(s), 0 hit(s), 0 error(s), 1 left on base; Huntsville HS 7 - Buchanan HS 2
BOTTOM OF THE 9TH
Buchanan HS batting - Pitching for Huntsville HS Wasps : RHP Skip Robinson
Pitching: RHP Keith Flores
Batting: LHB Perry Hayward 0-0: Foul Ball, location: 2F
0-1: Swinging Strike
0-2: Ball
1-2: SOLO HOME RUN (Flyball, 89XD), Distance : 392 ft
Batting: LHB Edgar Cameron 0-0: Swinging Strike
0-1: Called Strike
0-2: Ball
1-2: DOUBLE (Groundball, 5L)
Batting: RHB Len Valadez 0-0: Fly out, F9 (Flyball, 9LS)
Batting: SHB Christian Dennis 0-0: Ball
1-0: Ball
2-0: Foul Ball, location: 2F
2-1: SINGLE (Groundball, 34D)
Edgar Cameron to third
Runner from 3rd tries for Home, SAFE, throw made home
Christian Dennis to second
Pitching: RHP Terrence Johnson
Batting: RHB Ánibal Vega 0-0: Ball
1-0: Fly out, F8 (Flyball, 89M)
Batting: RHB Henry Rice 0-0: Ball
1-0: Ball
2-0: Ball
3-0: Called Strike
3-1: Base on Balls
Batting: RHB Dave Burchette 0-0: Called Strike
0-1: Ball
1-1: Fly out, F9 (Flyball, 9S)
Bottom of the 9th over - 2 run(s), 3 hit(s), 0 error(s), 2 left on base; Huntsville HS 7 - Buchanan HS 4
Tuesday, August 8th, 2017 - OOTP Baseball 17.12 Build 75